 Dungeon Crawl Stone Soup version 0.13-a0-1553-g7307ddf (webtiles) character file.

1118 Kae the Chiller (level 7, -3/50 HPs)
             Began as a Yellow Draconian Ice Elementalist on June 10, 2013.
             Was a Believer of Vehumet.
             Killed by nerve-wracking pain
             ... invoked by an orc priest
              (5 damage)
             ... on Level 5 of the Dungeon.
             The game lasted 00:12:53 (4908 turns).

Kae the Chiller (Yellow Draconian Ice Elementalist) Turns: 4908, Time: 00:12:55

HP  -3/50        AC 14     Str 11      XL: 7   Next: 87%
MP   4/15        EV 12     Int 17      God: Vehumet [**....]
Gold 183         SH  0     Dex 11      Spells:  5 memorised,  2 levels left

Res.Fire  : . . .   See Invis. : .   (no weapon)
Res.Cold  : . . .   Warding    : .   (armour unavailable)
Life Prot.: . . .   Conserve   : .   (no shield)
Res.Poison: .       Res.Corr.  : +   (helmet restricted)
Res.Elec. : .       Clarity    : .   j - +1 cloak
Sust.Abil.: . .     Spirit.Shd : .   (no gloves)
Res.Mut.  : .       Stasis     : .   (no boots)
Res.Rott. : .       Flight     : .   (no amulet)
Saprovore : . . .                    (no ring)
                                     (no ring)

@: icy armour, slightly resistant to hostile enchantments, unstealthy
A: spit acid, acid resistance, unfitting armour, AC +6
a: Spit Acid, Renounce Religion


You were on level 5 of the Dungeon.
You worshipped Vehumet.
Vehumet was most pleased with you.
You were very hungry.

You visited 1 branch of the dungeon, and saw 5 of its levels.

You collected 163 gold pieces.

Inventory:

Armour
 j - a +1 cloak (worn)
 p - a +0 cloak
Magical devices
 m - a wand of digging (24) {unknown}
Comestibles
 c - 2 bread rations
 d - 3 meat rations
 f - 7 sultanas
 k - an apple
 w - a rotting chunk of bat flesh
Scrolls
 e - a scroll of magic mapping
 h - 3 scrolls of identify
 i - 2 scrolls of remove curse {unknown}
 n - a scroll of teleportation
 o - a scroll of enchant armour
 q - 2 scrolls of fear {unknown}
Potions
 g - a potion of heal wounds {unknown}
 l - 4 potions of curing {unknown}
 v - a potion of mutation {unknown}
Books
 b - a book of Frost

   Spells                             Type                      Level
   *Freeze                            Ice                          1
   *Throw Frost                       Conjuration/Ice              2
   *Ozocubu's Armour                  Charms/Ice                   3
   *Throw Icicle                      Conjuration/Ice              4
   Summon Ice Beast                   Ice/Summoning                4
   Condensation Shield                Ice                          4
Carrion
 s - a giant newt skeleton


   Skills:
 - Level 1.7 Dodging
 - Level 1.9 Stealth
 + Level 3.6 Spellcasting
 * Level 5.5 Conjurations
 + Level 6.2 Ice Magic


You had 2 spell levels left.
You knew the following spells:

 Your Spells              Type           Power        Failure   Level  Hunger
a - Freeze                Ice            ###.         1%          1    None
b - Throw Frost           Conj/Ice       ###...       2%          2    ##.....
c - Ozocubu's Armour      Chrm/Ice       ##........   14%         3    ###....
d - Magic Dart            Conj           ###.         1%          1    None
e - Throw Icicle          Conj/Ice       ###.....     17%         4    ####...


Dungeon Overview and Level Annotations

Branches:
Dungeon (5/27)
 Temple: D:4-7

Altars:
Makhleb
Okawaru
Vehumet


Message History

The centaur hits you but does no damage.
Casting: Freeze
Confirm with . or Enter, or press ? or * to list all spells.
Aiming: Freeze
Press: ? - help, Shift-Dir - straight line, f/p - centaur
Aim: a centaur (almost dead)
You freeze the centaur.
You kill the centaur!
Vehumet accepts your kill.
The orc priest mumbles some strange prayers to Beogh against you.
Something smites you!
* * * LOW HITPOINT WARNING * * *
Unknown command.
The orc wizard casts a spell at you. The puff of frost hits you!
Your sedimented brown potion freezes and shatters!
* * * LOW HITPOINT WARNING * * *
The orc priest invokes the aid of Beogh against you.
Pain shoots through your body!
You die...

.......................
.......................
......................#
#...................#
#....%).............o
#...p.g..###.........
#...oo.o.............
###.(o###...p.......$
#.@.# #............
#(..# ##...........
##### #...##.....#
####........
##......... #..........
#..........
#...........
#...........


You could see a hungry ghost, an orc priest, an orc wizard, 2 orcs and a goblin.

Vanquished Creatures
  2 phantoms
  A centaur (D:5)
  2 ogres
  A giant frog skeleton (D:4)
  A crimson imp (D:5)
  The ghost of lordfrikk the Firebug, a weakling DjFE (D:3)
  A hound (D:4)
  An iguana (D:4)
  2 orc priests
  An orc wizard (D:3)
  2 worker ants (D:4)
  Terence (D:2)
  A gnoll (D:1)
  6 adders
  An adder skeleton (D:4)
  An inept feature mimic (D:4)
  A worm (D:2)
  5 giant geckos
  9 orcs
  14 bats
  3 giant cockroaches
  11 goblins
  8 hobgoblins
  A ball python (D:4)
  9 giant newts
  A goblin zombie (D:5)
  9 kobolds
  A kobold skeleton (D:4)
  A kobold zombie (D:5)
  3 quokkas
  11 rats
  A rat skeleton (D:4)
113 creatures vanquished.

Vanquished Creatures (others)
  An orc wizard (D:4)
  A hobgoblin (D:3)
  A giant newt (D:2)
3 creatures vanquished.

Grand Total: 116 creatures vanquished

Notes
Turn   | Place    | Note
--------------------------------------------------------------
     0 | D:1      | Kae, the Draconian Ice Elementalist, began the quest for the Orb.
     0 | D:1      | Reached XP level 1. HP: 14/14 MP: 3/3
   425 | D:1      | Reached XP level 2. HP: 15/20 MP: 1/4
   470 | D:1      | Learned a level 2 spell: Throw Frost
   812 | D:1      | HP: 1/20 [gnoll/club (8)]
   832 | D:1      | Reached XP level 3. HP: 2/26 MP: 3/6
  1191 | D:2      | Found a burning altar of Makhleb.
  1413 | D:2      | Noticed Terence
  1421 | D:2      | Reached skill level 4 in Ice Magic
  1546 | D:2      | Reached XP level 4. HP: 31/33 MP: 4/7
  1560 | D:2      | Learned a level 3 spell: Ozocubu's Armour
  1947 | D:2      | Found a radiant altar of Vehumet.
  1980 | D:2      | Became a worshipper of Vehumet
  2235 | D:2      | Killed Terence
  2557 | D:3      | Found an iron altar of Okawaru.
  2703 | D:3      | Acquired Vehumet's first power
  2703 | D:3      | Offered knowledge of Magic Dart by Vehumet.
  2703 | D:3      | Reached XP level 5. HP: 31/38 MP: 9/9
  2752 | D:3      | Learned a level 1 spell: Magic Dart
  2868 | D:3      | Noticed lordfrikk's ghost (weakling DjFE)
  2873 | D:3      | Killed lordfrikk's ghost
  3272 | D:3      | Reached skill level 5 in Ice Magic
  3617 | D:4      | Reached XP level 6. HP: 37/45 MP: 9/11
  3778 | D:4      | Noticed an ogre
  3787 | D:4      | Killed an ogre
  3988 | D:4      | Offered knowledge of Sandblast by Vehumet.
  4000 | D:4      | Noticed a phantom
  4050 | D:4      | Killed a phantom
  4050 | D:4      | Your scales start taking on a golden yellow colour.
  4050 | D:4      | Reached XP level 7. HP: 50/50 MP: 3/14
  4185 | D:4      | Learned a level 4 spell: Throw Icicle
  4299 | D:4      | Reached skill level 6 in Ice Magic
  4672 | D:5      | Entered Level 5 of the Dungeon
  4684 | D:5      | Reached skill level 5 in Conjurations
  4908 | D:5      | HP: 2/50 [orc wizard/puff of frost (7)]
  4908 | D:5      | Killed from afar by an orc priest

Action                   |  1- 3 |  4- 6 |  7- 9 || total
-------------------------+-------+-------+-------++-------
Melee: Unarmed           |    70 |    92 |    70 ||   232
 Cast: Freeze            |    52 |    92 |    21 ||   165
       Throw Frost       |     1 |    10 |     7 ||    18
       Ozocubu's Armour  |       |     2 |     1 ||     3
       Magic Dart        |       |    14 |     6 ||    20
 Abil: Spit Acid         |       |       |     4 ||     4
  Use: Scroll            |       |    10 |     1 ||    11
